AoeStats
← EsquedaKING

Black Forest

508150135Analyzed
4v4 RM · 11d ago on Sep 21, 2026· 87m 16s· 8 players
Game mode
Random Map
Map size
Large (8 player)
Population
200
Speed
Normal
Resources
Standard
Victory
Conquest
Starting age
Dark Age
Ending age
Imperial Age
RankedLock teamsTeams togetherTeam positionsShared explorationLock speedFull tech treeHidden civsTurbo modeCheats
Victory
Defeat
🇦🇺 Britons · Australia
1065
+13
🇲🇽 Persians · Mexico
1006
+15
🇺🇸 Bengalis · United States
961
+16
🇺🇸 Ethiopians · United States
954
+16
🇺🇸 Japanese · United States
982
-15
🇺🇸 Franks · United States
981
-15
🇺🇸 Saracens · United States
981
-15
🇺🇸 Khmer · United States
981
-15
Jared G
0:48 Loom
13:22 Feudal Age
18:20 Castle Age
16:27 Double-Bit Axe
16:29 Horse Collar
17:36 Wheelbarrow
19:21 Bow Saw
24:28 Heavy Plow
33:26 Imperial Age
31:16 Fortified Wall
31:18 Fletching
31:39 Padded Archer Armor
31:54 Bodkin Arrow
32:34 Hand Cart
32:09 Town Watch
33:15 Leather Archer Armor
33:05 Husbandry
33:16 Bloodlines
34:02 Scale Barding Armor
33:34 Siege Elephant
35:17 Chemistry
34:37 Ballistics
34:20 Bracer
34:51 Ring Archer Armor
33:44 Elite Elephant Archer
35:00 Crop Rotation
34:58 Caravan
35:50 Gold Mining
37:22 Siege Engineers
37:13 Murder Holes
37:29 Masonry
38:49 Chain Barding Armor
38:53 Town Patrol
40:30 Two-Man Saw
40:55 Paiks
41:13 Conscription
42:29 Architecture
41:40 Treadmill Crane
43:00 Plate Barding Armor
42:17 Onager
57:34 Elite Battle Elephant
62:45 Pikeman
63:26 Squires
63:11 Arson
70:41 Man-at-Arms
71:07 Gambesons
72:02 Long Swordsman
72:59 Forging
72:50 Scale Mail Armor
74:07 Two-Handed Swordsman
74:45 Champion
75:34 Halberdier
78:05 Mahayana
78:53 Iron Casting
78:34 Chain Mail Armor
82:46 Blast Furnace
EsquedaKING
5:59 Loom
13:25 Feudal Age
18:22 Castle Age
16:31 Double-Bit Axe
16:27 Horse Collar
19:20 Bow Saw
19:16 Heavy Plow
19:08 Gold Mining
19:09 Stone Mining
21:24 Wheelbarrow
25:02 Caravan
30:33 Imperial Age
29:27 Forging
29:22 Scale Barding Armor
29:57 Hand Cart
30:53 Elite War Elephant
33:43 Iron Casting
33:28 Chain Barding Armor
35:51 Blast Furnace
37:24 Chemistry
37:11 Plate Barding Armor
38:56 Ballistics
39:35 Gold Shaft Mining
39:35 Stone Shaft Mining
45:53 Bloodlines
45:43 Husbandry
45:04 Cavalier
47:54 Savar
57:53 Onager
58:52 Light Cavalry
62:47 Hussar
82:12 Conscription
Rough-Rider
0:53 Loom
13:57 Feudal Age
14:33 Double-Bit Axe
15:25 Stone Mining
16:35 Wheelbarrow
16:16 Gold Mining
16:15 Horse Collar
21:17 Castle Age
22:10 Bow Saw
22:13 Caravan
24:47 Stone Shaft Mining
26:56 Gold Shaft Mining
27:08 Fortified Wall
31:32 Heavy Plow
31:29 Town Watch
32:11 Hand Cart
35:48 Imperial Age
34:21 Town Patrol
34:18 Fletching
34:29 Scale Mail Armor
35:33 Royal Heirs
37:12 Conscription
36:57 Husbandry
38:47 Two-Man Saw
37:57 Siege Engineers
38:32 Ballistics
40:19 Chemistry
39:38 Guilds
38:55 Onager
40:24 Torsion Engines
41:18 Scale Barding Armor
41:24 Forging
41:10 Siege Onager
41:58 Heavy Camel Rider
42:37 Bodkin Arrow
42:17 Capped Ram
43:58 Masonry
43:42 Guard Tower
43:33 Siege Ram
44:46 Elite Shotel Warrior
45:15 Arson
45:52 Chain Barding Armor
48:38 Iron Casting
48:03 Bracer
48:19 Chain Mail Armor
47:37 Halberdier
48:17 Squires
49:30 Keep
49:26 Architecture
50:26 Murder Holes
52:31 Heavy Scorpion
52:50 Crossbowman
53:35 Thumb Ring
53:35 Padded Archer Armor
54:35 Blast Furnace
54:05 Plate Mail Armor
53:34 Arbalester
53:50 Man-at-Arms
57:00 Long Swordsman
58:10 Two-Handed Swordsman
70:35 Light Cavalry
70:36 Cavalier
Andy_Sai Gon
1:23 Loom
12:05 Feudal Age
15:46 Castle Age
15:14 Double-Bit Axe
19:28 Horse Collar
20:08 Gold Mining
22:05 Stone Mining
25:21 Wheelbarrow
25:10 Bow Saw
30:03 Imperial Age
28:45 Caravan
29:16 Coinage
30:39 Ballistics
30:12 Fletching
30:22 Padded Archer Armor
30:23 Scale Mail Armor
30:34 Forging
32:13 Chemistry
32:12 Fortified Wall
31:44 Pikeman
32:24 Squires
32:11 Elite Longbowman
33:14 Bodkin Arrow
33:34 Leather Archer Armor
34:28 Yeomen
34:41 Bracer
35:53 Gold Shaft Mining
35:38 Leather Archer Armor
37:24 Ring Archer Armor
37:14 Hand Cart
37:31 Banking
37:10 Elite Skirmisher
38:29 Iron Casting
38:09 Chain Mail Armor
38:08 Guilds
41:40 Two-Man Saw
42:20 Blast Furnace
41:51 Plate Mail Armor
43:45 Halberdier
49:55 Crossbowman
55:24 Plate Mail Armor
58:07 Arbalester
60:30 Scale Barding Armor
62:13 Warwolf
MNYMan
1:14 Loom
13:04 Feudal Age
13:32 Double-Bit Axe
17:37 Castle Age
17:09 Scale Barding Armor
18:28 Forging
18:03 Horse Collar
19:36 Husbandry
21:55 Bow Saw
22:40 Wheelbarrow
22:14 Stone Mining
23:08 Heavy Plow
25:09 Hand Cart
24:41 Town Watch
28:09 Bimaristan
28:44 Gold Mining
30:26 Bloodlines
32:55 Ballistics
32:38 Murder Holes
34:49 Gold Shaft Mining
34:42 Town Patrol
35:48 Chain Barding Armor
37:35 Iron Casting
37:13 Masonry
41:00 Imperial Age
39:21 Fletching
41:40 Elite Mameluke
42:06 Onager
45:03 Chemistry
46:33 Counterweights
46:59 Light Cavalry
53:18 Caravan
53:48 Coinage
54:33 Siege Onager
59:26 Banking
60:34 Plate Barding Armor
61:14 Blast Furnace
60:14 Bodkin Arrow
69:45 Bracer
71:37 Hussar
78:53 Heavy Camel Rider
80:56 Conscription
Bobby9000
12:45 Feudal Age
14:09 Wheelbarrow
13:35 Double-Bit Axe
13:32 Horse Collar
19:17 Castle Age
20:28 Hand Cart
20:39 Bow Saw
24:55 Loom
25:07 Gold Mining
25:07 Stone Mining
27:39 Heavy Plow
27:43 Stone Mining
31:02 Ballistics
30:55 Scale Barding Armor
32:41 Chain Barding Armor
37:30 Imperial Age
35:30 Fletching
35:40 Padded Archer Armor
36:10 Bodkin Arrow
37:38 Elite Ballista Elephant
39:19 Crop Rotation
39:29 Gold Shaft Mining
39:29 Stone Shaft Mining
39:32 Conscription
41:22 Plate Barding Armor
42:04 Chemistry
42:07 Double Crossbow
60:52 Elite Skirmisher
61:44 Bracer
62:00 Leather Archer Armor
Wushi
2:44 Loom
13:22 Feudal Age
14:10 Double-Bit Axe
18:05 Castle Age
20:25 Bow Saw
22:18 Wheelbarrow
24:56 Hand Cart
26:15 Gold Mining
27:44 Scale Barding Armor
27:50 Forging
27:56 Husbandry
27:19 Light Cavalry
29:13 Gold Shaft Mining
28:29 Stone Mining
30:29 Iron Casting
30:15 Chain Barding Armor
33:14 Imperial Age
31:03 Town Watch
31:19 Fletching
32:37 Town Patrol
33:07 Ballistics
32:46 Murder Holes
33:13 Masonry
33:49 Bodkin Arrow
34:32 Plate Barding Armor
34:58 Blast Furnace
33:27 Cavalier
34:50 Paladin
36:28 Padded Archer Armor
38:55 Elite Skirmisher
40:44 Scale Mail Armor
42:27 Pikeman
43:07 Squires
43:33 Halberdier
50:15 Chivalry
50:35 Conscription
60:18 Caravan
67:40 Leather Archer Armor
67:41 Chain Mail Armor
69:46 Plate Mail Armor
Caustic
9:53 Feudal Age
12:08 Double-Bit Axe
16:03 Castle Age
15:21 Horse Collar
16:06 Stone Mining
16:53 Wheelbarrow
18:26 Bow Saw
20:31 Hand Cart
23:06 Gold Mining
24:57 Heavy Plow
27:28 Gold Shaft Mining
31:23 Imperial Age
28:41 Town Watch
32:29 Forging
32:19 Scale Mail Armor
32:24 Squires
32:10 Arson
32:11 Gambesons
31:46 Pikeman
32:26 Guard Tower
32:23 Arrowslits
33:29 Town Patrol
34:25 Yasama
34:58 Conscription
35:39 Keep
35:17 Masonry
34:48 Treadmill Crane
35:31 Ballistics
36:12 Chemistry
35:19 Siege Engineers
35:18 Murder Holes
36:30 Two-Man Saw
35:06 Halberdier
35:41 Elite Skirmisher
36:31 Thumb Ring
36:18 Fletching
36:29 Padded Archer Armor
38:10 Bodkin Arrow
38:31 Leather Archer Armor
39:08 Bracer
40:11 Iron Casting
39:52 Chain Mail Armor
41:33 Ring Archer Armor
43:36 Blast Furnace
43:07 Plate Mail Armor
45:49 Hoardings
48:05 Caravan
48:59 Elite Samurai
69:52 Kataparuto
77:48 Man-at-Arms
80:49 Long Swordsman
81:37 Two-Handed Swordsman
82:20 Champion
83:19 Champion
Connection lost

Rejoining the realm…

Still unreachable

The connection could not be restored.

Session expired

The server has moved on; the page needs a fresh start.